 Dungeon Crawl Stone Soup version 0.23-a0-393-g6e9e0f2070 (webtiles) character file.

42 PikkenKukken the Insei (level 3, -4/26 HPs)
             Began as a Demonspawn Transmuter on Oct 31, 2018.
             Slain by Sigmund
             ... wielding a +0 scythe
              (6 damage)
             ... on level 2 of the Dungeon.
             The game lasted 00:03:28 (1986 turns).

PikkenKukken the Insei (Demonspawn Transmuter)      Turns: 1986, Time: 00:03:29

Health: -4/26      AC:  4    Str: 10    XL:     3   Next: 35%
Magic:  1/6        EV: 12    Int: 15    God:
Gold:   138        SH:  0    Dex: 13    Spells: 3/6 levels left

rFire    . . .     SeeInvis .     - Unarmed
rCold    . . .     Gourm    .   (no shield)
rNeg     . . .     Faith    .   b - +1 robe
rPois    .         Spirit   .   (helmet restricted)
rElec    .         Reflect  .   g - +0 cloak
rCorr    .         Harm     .   (no gloves)
MR       .....                  (no boots)
Stlth    +.........             (no amulet)
HPRegen  0.08/turn              (no ring)
MPRegen  0.10/turn              (no ring)

@: confused, very slightly contaminated
A: antennae 1
a: no special abilities


You were on level 2 of the Dungeon.
You were not hungry.

You visited 1 branch of the dungeon, and saw 2 of its levels.

You collected 138 gold pieces.

Inventory:

Missiles
 a - 22 arrows
Armour
 b - a +1 robe (worn)
 g - a +0 cloak (worn)
Scrolls
 c - 2 scrolls of identify
 j - 3 scrolls of remove curse
Potions
 h - a potion of brilliance {unknown}
 k - a potion of might
 l - a potion of curing {unknown}
 m - 2 potions of cancellation
Comestibles
 d - 6 rations


   Skills:
 - Level 1.0 Fighting
 + Level 2.2 Dodging
 * Level 3.4 Unarmed Combat
 - Level 2.0 Spellcasting
 + Level 2.2 Transmutations


You had 3 spell levels left.
You knew the following spells:

 Your Spells              Type           Power        Failure   Level  Hunger
a - Beastly Appendage     Tmut           #.....       9%          1    #......
b - Sticks to Snakes      Tmut           #.......     13%         2    ###....

Your spell library contained the following spells:

 Spells                   Type           Power        Failure   Level  Hunger
 Spider Form              Tmut/Pois      #.........   38%         3    ###....
 Ice Form                 Ice/Tmut       #.......     80%         4    #####..
 Blade Hands              Tmut           #.........   94%         5    ######.


Dungeon Overview and Level Annotations

Branches:
Dungeon (2/15)

Altars:
Xom
Zin

Annotations:
D:2 Sigmund


Innate Abilities, Weirdness & Mutations

You have a pair of small antennae on your head.


Message History

Confirm with . or Enter, or press ? or * to list all spells.
You don't have enough magic to cast that spell.
Something hits you!
You miss something. You miss something. Something hits you!
Ouch! That really hurt!
* * * LOW HITPOINT WARNING * * *
You barely miss something. Something hits you but does no damage.
You hit something but do no damage. You hit something.
You hear some strange, mumbled words.
You are confused.
Are you sure you want to stumble around while confused and next to your ball
Okay, then.
Are you sure you want to stumble around while confused and next to your ball [Y]es or [N]o only, please.
Are you sure you want to stumble around while confused and next to your ball You barely miss your adder.
The adder bites you but does no damage. Something hits you.
You die...

#..<#.##)#.##
#.#...#..#..# ..
#.###.....#.## .#
#....(#.#....# .#
####....##.#.####.# #
...(..####.>....#.# ..#
####....#.....###.##..##
# ###..#.##...S........
# ####>#.##..##@S.####
####......###.###{.#
..........###.## ..#
###.##.#..#....##..#
###.#.......##.<##.#
#....##.##..###..###
..##..#.#.(.# ##.##
..#.##.#....# #..#
...#.#.##..## ####


You could see an adder and a friendly ball python.

Vanquished Creatures
  A worm (D:2)
  A dart slug (D:2)
  A leopard gecko (D:2)
  5 giant cockroaches
  3 goblins
  3 hobgoblins (D:1)
  4 jackals (D:1)
  2 quokkas (D:2)
  2 bats (D:2)
  3 kobolds
  2 rats
27 creatures vanquished.

Vanquished Creatures (collateral kills)
  An adder (D:2)
  A ball python (D:2)
  A bat (D:2)
3 creatures vanquished.

Grand Total: 30 creatures vanquished

Notes
Turn   | Place    | Note
-------+----------+-------------------------------------------
     0 | D:1      | PikkenKukken the Demonspawn Transmuter began the quest for
                  | the Orb.
     0 | D:1      | Reached XP level 1. HP: 15/15 MP: 3/3
   235 | D:1      | Reached skill level 3 in Unarmed Combat
   323 | D:1      | Lost mutation: You have a pair of horns on your head.
                  | [demonic ancestry]
   323 | D:1      | Lost mutation: You have a pair of small horns on your head.
                  | [demonic ancestry]
   323 | D:1      | Gained mutation: You have a pair of small antennae on your
                  | head. [demonic ancestry]
   323 | D:1      | Reached XP level 2. HP: 19/21 MP: 3/5
   335 | D:1      | Learned a level 2 spell: Sticks to Snakes
  1116 | D:2      | Found a shimmering altar of Xom.
  1121 | D:2      | Noticed an angel
  1238 | D:2      | Found a glowing silver altar of Zin.
  1299 | D:2      | Reached XP level 3. HP: 26/26 MP: 4/6
  1976 | D:2      | Noticed Sigmund
  1986 | D:2      | Slain by Sigmund

Vault maps used:
D:1:      matt_arrival_los_fun, serial_curves, eino_curves_02, eino_curves_04,
          minivault_25
D:2:      mumra_celtic_spiral_tile, grunt_temple_overflow_order_and_chaos_1,
          chequers_temple_overflow_minitemple, minmay_tromino_v7, uniq_sigmund

Skill      XL: |  1 |
---------------+----+-----
Dodging        | 2 |  2.2
Unarmed Combat | 3 |  3.4
Transmutations | 2 |  2.2
Fighting       | |  1.0
Spellcasting   | |  2.0

Action                   || total
-------------------------++-------
Melee: Unarmed           ||   107
       Headbutt          ||     3
       Punch             ||     1
       Kick              ||     6
 Cast: Beastly Appendage ||    12
       Sticks to Snakes  ||     6
  Use: Scroll            ||     9
 Stab: Sleeping          ||     1
  Eat: Chunk             ||     4
Armor: Robe              ||    15
Dodge: Dodged            ||    70

Table legend:
 A = Non-vault XP
 B = Vault XP
 C = Vault XP percentage of total XP
 D = Non-vault monster count
 E = Vault monster count
 F = Vault count percentage of total count
                 A         B        C        D         E       F
            +---------+---------+-------+---------+---------+-------
      Total |      59 |       2 |   3.3 |      29 |       1 |   3.3
            +---------+---------+-------+---------+---------+-------
        D:1 |      27 |       0 |   0.0 |      15 |       0 |   0.0
        D:2 |      32 |       2 |   5.9 |      14 |       1 |   6.7
            +---------+---------+-------+---------+---------+-------
